Devils vs Capitals (R1)

Created - 22 février 2015 at 20:02

Goals
1 2 3 T
Devils 1 1 1 3
Capitals 0 3 2 5
Shots
1 2 3 T
Devils 10 16 7 33
Capitals 5 14 15 34

1st period

1. Devils , Maxim Afinogenov 32 (Zach Parise, Stephen Weiss) at 11:56 (PP)

Penalties :
Michael Frolik (NJD) for Hooking (Minor) at 0:40, Matt Smaby (NJD) for Slashing (Minor) at 9:17, Ales Hemsky (Was) for Hooking (Minor) at 11:38, Ales Hemsky (Was) for Holding (Minor) at 14:59

2nd period

2. Capitals , Thomas Vanek 28 (Jarome Iginla, Zdeno Chara) at 0:14
3. Capitals , Ales Hemsky 13 (Bryce Salvador, Paul Stastny) at 2:44
4. Capitals , Loui Eriksson 16 (Phil Kessel, Ryan Suter) at 3:19
5. Devils , Ladislav Nagy 14 (Brad Ference) at 10:46

Penalties :
Maxim Afinogenov (NJD) for Hooking (Minor) at 6:50, Chris Kunitz (Was) for Interference (Minor) at 15:23

3rd period

6. Capitals , Jarome Iginla 29 (Nicklas Backstrom, Thomas Vanek) at 3:41
7. Capitals , Thomas Vanek 29 (Nicklas Backstrom, Jarome Iginla) at 3:57
8. Devils , Michael Frolik 16 (Zach Parise) at 14:40

Penalties :
Jarome Iginla (Was) for Roughing (Minor) at 10:26, Thomas Vanek (Was) for Hooking (Minor) at 14:43

Goalie Stats

Dan Ellis (NJD), 11 saves from 11 shots - (1,000), 16:03 minutes
Viktor Fasth (NJD), 18 saves from 23 shots - (0,783), L, 29-11-2, 43:57 minutes
Jaroslav Halak (Was), 30 saves from 33 shots - (0,909), W, 19-18-2, 60:00 minutes

Players Stats for Devils

Player Name              G  A  P  +/- PIM S  H  SB GA TA FO     MP     PP MP  PK MP  
------------------------------------------------------------------------------------
Ben Lovejoy              0  0  0   0  0   2  0  1  0  0  0/0    21:04   4:44   0:00 
Brad Ference             0  1  1   0  0   1  1  1  1  2  0/0    16:12   0:00   2:25 
Greg Stewart             0  0  0  -1  0   0  0  0  0  0  0/1     9:12   0:42   0:45 
Guillaume Latendresse    0  0  0  -4  0   3  4  1  1  1  1/1    23:42   2:57   2:51 
Jason Arnott             0  0  0  -1  0   0  1  0  0  0  3/6    10:07   0:09   2:51 
Jay Bouwmeester          0  0  0  -3  0   2  2  1  0  1  0/0    25:43   3:30   3:32 
Ladislav Nagy            1  0  1   1  0   3  1  0  0  0  0/0     9:42   0:28   1:04 
Matt Smaby               0  0  0   0  2   1  0  1  0  0  0/0    18:26   4:44   0:00 
Maxim Afinogenov         1  0  1  -4  2   5  0  0  1  0  0/4    22:00   3:55   0:00 
Michael Frolik           1  0  1   1  2   2  1  0  0  0  0/2    15:22   3:25   0:00 
Mike Komisarek           0  0  0  -3  0   3  1  1  0  0  0/0    19:47   0:00   2:25 
Mike Lundin              0  0  0   0  0   1  2  0  1  0  0/0    19:09   3:30   3:32 
Mike Ribeiro             0  0  0   1  0   1  0  0  0  0  0/3     9:13   0:46   0:19 
Patrick Eaves            0  0  0  -1  0   3  1  0  0  1  0/0     7:32   0:10   0:00 
Radim Vrbata             0  0  0   1  0   1  0  0  0  0  0/0     7:39   0:00   0:00 
Stephen Weiss            0  1  1   1  0   1  3  0  0  2  12/26  16:39   4:39   0:00 
Vincent Lecavalier       0  0  0  -4  0   1  2  1  1  1  13/23  23:15   2:48   2:02 
Zach Parise              0  2  2   1  0   3  1  1  2  0  0/1    19:16   4:43   2:02 

Players Stats for Capitals

Player Name              G  A  P  +/- PIM S  H  SB GA TA FO     MP     PP MP  PK MP  
------------------------------------------------------------------------------------
Adam Hall                0  0  0   0  0   1  2  0  0  0  0/0     8:01   0:05   2:09 
Ales Hemsky              1  0  1   1  4   1  1  0  0  0  0/0    13:40   0:05   0:00 
Andy Rogers              0  0  0   0  0   1  1  1  0  0  0/0    11:08   0:00   0:00 
Anton Volchenkov         0  0  0  -1  0   1  0  1  0  0  0/0    20:31   2:49   2:39 
Brent Seabrook           0  0  0  -1  0   2  1  2  0  1  0/0    20:31   2:49   2:39 
Bryce Salvador           0  1  1   1  0   0  0  0  0  0  0/0     3:15   0:00   0:00 
Chris Kunitz             0  0  0   1  2   2  2  0  0  0  1/2    15:14   0:00   2:14 
Chris Phillips           0  0  0   0  0   2  2  0  0  0  0/0    18:30   3:08   5:35 
Jarome Iginla            1  2  3   1  2   2  1  1  1  2  1/5    22:36   3:02   3:41 
Loui Eriksson            1  0  1   1  0   2  1  0  0  1  1/1    16:09   2:50   1:12 
Nicklas Backstrom        0  2  2   2  0   7  0  0  3  1  16/29  23:28   3:07   1:29 
Paul Stastny             0  1  1   1  0   6  2  0  0  0  6/10   13:57   0:00   0:52 
Phil Kessel              0  1  1   0  0   0  0  2  0  0  0/0    15:55   2:50   0:00 
Ryan Getzlaf             0  0  0   1  0   1  2  2  0  0  12/19  19:42   2:50   4:31 
Ryan Suter               0  1  1   3  0   0  0  3  1  0  0/0    17:44   0:00   0:00 
Scott Parse              0  0  0   0  0   0  0  0  0  0  0/0     4:32   0:00   0:20 
Thomas Vanek             2  1  3   1  2   5  1  0  2  0  1/1    18:27   3:02   0:00 
Zdeno Chara              0  1  1   4  0   1  1  2  1  2  0/0    28:21   3:08   5:35 

3 Stars

1 - Thomas Vanek (Was)
2 - Jarome Iginla (Was)
3 - Zdeno Chara (Was)

Power Play

Devils - 1 on 5 Attempt(s) - 20,00%
Capitals - 0 on 3 Attempt(s) - 0,00%

Penalty Kill

Devils - 3 on 3 Attempt(s) - 100,00% - Score 0 goal in Penalty Kill
Capitals - 4 on 5 Attempt(s) - 80,00% - Score 0 goal in Penalty Kill

Team Stat

Devils - Hits : 20 - Faceoff Wins : 29 - Blocked Shots : 8 - Penalty Minutes : 6
Capitals - Hits : 17 - Faceoff Wins : 38 - Blocked Shots : 14 - Penalty Minutes : 10

Official

Referees : LaRue Dennis and Pollock Kevin
Linesman : Vaughan Rody and Greg Devorski

Game Notes

Dan Ellis enters game at 3:57 of 3rd period

Finance

Level 1 -- Attendance: 5610 (93,50%) -- Ticket Income 431 970 $
Level 2 -- Attendance: 4545 (90,90%) -- Ticket Income 190 890 $
Level 3 -- Attendance: 1950 (97,50%) -- Ticket Income 52 650 $
Level 4 -- Attendance: 3671 (91,78%) -- Ticket Income 58 736 $
Luxury Box -- Attendance: 1000 (100,00%) -- Ticket Income 163 000 $
Game was played at the Verizon Center'
Total Attendance: 16776 (93,20%)
Total Ticket Income: 897 246 $
Other Income: 134 587 $
Total Income: 1 031 833 $

Devils

5 vs 5 Forward 
   Center                   Left Wing                Right Wing               Time % Phy DF OF 
 1 Vincent Lecavalier       Guillaume Latendresse    Maxim Afinogenov         40     1   2  2  
 2 Stephen Weiss            Zach Parise              Michael Frolik           30     1   2  2  
 3 Mike Ribeiro             Ladislav Nagy            Radim Vrbata             20     1   2  2  
 4 Jason Arnott             Greg Stewart             Patrick Eaves            10     1   2  2  

5 vs 5 Defense 
   Defense                  Defense                                           Time % Phy DF OF 
 1 Jay Bouwmeester          Mike Komisarek                                    40     1   2  2  
 2 Ben Lovejoy              Matt Smaby                                        30     1   2  2  
 3 Brad Ference             Mike Lundin                                       20     1   2  2  
 4 Ben Lovejoy              Brad Ference                                      10     1   2  2  

PowerPlay Forward 
   Center                   Left Wing                Right Wing               Time % Phy DF OF 
 1 Stephen Weiss            Zach Parise              Maxim Afinogenov         60     0   2  3  
 2 Vincent Lecavalier       Guillaume Latendresse    Michael Frolik           40     0   2  3  

PowerPlay Defense
   Defense                  Defense                                           Time % Phy DF OF 
 1 Ben Lovejoy              Matt Smaby                                        60     1   2  2  
 2 Mike Lundin              Jay Bouwmeester                                   40     1   2  2  

Penalty Kill 4 Players Forward 
   Center                   Wing                     Time % Phy DF OF 
 1 Jason Arnott             Guillaume Latendresse    60     1   2  2  
 2 Vincent Lecavalier       Zach Parise              40     1   2  2  

Penalty Kill 4 Players Defense
   Defense                  Defense                  Time % Phy DF OF 
 1 Jay Bouwmeester          Mike Lundin              60     1   2  2  
 2 Brad Ference             Mike Komisarek           40     1   2  2  

Penalty Kill - 3 Players Forward 
   Forward                                           Time % Phy DF OF 
 1 Jason Arnott                                      60     1   2  2  
 2 Vincent Lecavalier                                40     1   2  2  

Penalty Kill - 3 Players Defense
   Defense                  Defense                  Time % Phy DF OF 
 1 Jay Bouwmeester          Mike Komisarek           60     1   2  2  
 2 Brad Ference             Ben Lovejoy              40     1   2  2  

4 vs 4 Forward 
   Center                   Wing                     Time % Phy DF OF 
 1 Vincent Lecavalier       Michael Frolik           60     1   2  2  
 2 Stephen Weiss            Guillaume Latendresse    40     1   2  2  

4 vs 4 Defense
   Defense                  Defense                  Time % Phy DF OF 
 1 Mike Komisarek           Jay Bouwmeester          60     1   2  2  
 2 Ben Lovejoy              Matt Smaby               40     1   2  2  

Last Minutes Offensive
   Center                   Left Wing                Right Wing               Defense                  Defense                  
   Vincent Lecavalier       Guillaume Latendresse    Maxim Afinogenov         Ben Lovejoy              Jay Bouwmeester          

Last Minutes Defensive
   Center                   Left Wing                Right Wing               Defense                  Defense                  
   Jason Arnott             Guillaume Latendresse    Maxim Afinogenov         Mike Komisarek           Jay Bouwmeester          

Goaltenders
Starting : Viktor Fasth             
Backup : Dan Ellis                

Extra Forwards
Normal : Mike Ribeiro, Greg Stewart, Ladislav Nagy - PP : Mike Ribeiro, Greg Stewart - PK : Ladislav Nagy
Extra Defensemen
Normal : Ben Lovejoy, Mike Komisarek, Mike Lundin - PP : Ben Lovejoy - PK : Ben Lovejoy, Mike Lundin
Penalty Shots
Vincent Lecavalier, Maxim Afinogenov, Guillaume Latendresse, Michael Frolik, Mike Ribeiro

Capitals

5 vs 5 Forward 
   Center                   Left Wing                Right Wing               Time % Phy DF OF 
 1 Nicklas Backstrom        Thomas Vanek             Jarome Iginla            40     1   2  2  
 2 Ryan Getzlaf             Loui Eriksson            Phil Kessel              30     1   2  2  
 3 Paul Stastny             Chris Kunitz             Ales Hemsky              25     1   2  2  
 4 Nicklas Backstrom        Scott Parse              Adam Hall                5      1   2  2  

5 vs 5 Defense 
   Defense                  Defense                                           Time % Phy DF OF 
 1 Zdeno Chara              Ryan Suter                                        40     1   2  2  
 2 Anton Volchenkov         Brent Seabrook                                    30     1   2  2  
 3 Chris Phillips           Andy Rogers                                       20     1   2  2  
 4 Bryce Salvador           Zdeno Chara                                       10     1   2  2  

PowerPlay Forward 
   Center                   Left Wing                Right Wing               Time % Phy DF OF 
 1 Nicklas Backstrom        Thomas Vanek             Jarome Iginla            60     1   2  2  
 2 Ryan Getzlaf             Loui Eriksson            Phil Kessel              40     1   2  2  

PowerPlay Defense
   Defense                  Defense                                           Time % Phy DF OF 
 1 Zdeno Chara              Chris Phillips                                    60     1   2  2  
 2 Anton Volchenkov         Brent Seabrook                                    40     1   2  2  

Penalty Kill 4 Players Forward 
   Center                   Wing                     Time % Phy DF OF 
 1 Ryan Getzlaf             Jarome Iginla            60     1   2  2  
 2 Paul Stastny             Chris Kunitz             40     1   2  2  

Penalty Kill 4 Players Defense
   Defense                  Defense                  Time % Phy DF OF 
 1 Zdeno Chara              Chris Phillips           60     1   2  2  
 2 Anton Volchenkov         Brent Seabrook           40     1   2  2  

Penalty Kill - 3 Players Forward 
   Forward                                           Time % Phy DF OF 
 1 Jarome Iginla                                     60     1   2  2  
 2 Nicklas Backstrom                                 40     1   2  2  

Penalty Kill - 3 Players Defense
   Defense                  Defense                  Time % Phy DF OF 
 1 Zdeno Chara              Chris Phillips           60     1   2  2  
 2 Anton Volchenkov         Brent Seabrook           40     1   2  2  

4 vs 4 Forward 
   Center                   Wing                     Time % Phy DF OF 
 1 Jarome Iginla            Nicklas Backstrom        60     1   2  2  
 2 Ryan Getzlaf             Thomas Vanek             40     1   2  2  

4 vs 4 Defense
   Defense                  Defense                  Time % Phy DF OF 
 1 Zdeno Chara              Chris Phillips           60     1   2  2  
 2 Anton Volchenkov         Brent Seabrook           40     1   2  2  

Last Minutes Offensive
   Center                   Left Wing                Right Wing               Defense                  Defense                  
   Nicklas Backstrom        Thomas Vanek             Jarome Iginla            Zdeno Chara              Chris Phillips           

Last Minutes Defensive
   Center                   Left Wing                Right Wing               Defense                  Defense                  
   Nicklas Backstrom        Loui Eriksson            Jarome Iginla            Zdeno Chara              Chris Phillips           

Goaltenders
Starting : Jaroslav Halak           
Backup : Tim Thomas               

Extra Forwards
Normal : Ales Hemsky, Phil Kessel, Adam Hall - PP : Ales Hemsky, Phil Kessel - PK : Adam Hall
Extra Defensemen
Normal : Ryan Suter, Andy Rogers, Chris Phillips - PP : Ryan Suter - PK : Andy Rogers, Chris Phillips
Penalty Shots
Jarome Iginla, Nicklas Backstrom, Ryan Getzlaf, Paul Stastny, Loui Eriksson

% Time on Ice - Devils

Lines # - Real PCT - Wanted PCT - Time Play
Normal Forward
1 - 40% - 40% - 18:28
2 - 27% - 30% - 12:35
3 - 17% - 20% - 7:39
4 - 16% - 10% - 7:07
Normal Defense
1 - 39% - 40% - 17:50
2 - 31% - 30% - 14:15
3 - 23% - 20% - 10:45
4 - 7% - 10% - 2:59
PP Forward
1 - 59% - 60% - 4:49
2 - 41% - 40% - 3:25
PP Defense
1 - 57% - 60% - 4:44
2 - 43% - 40% - 3:30
PK Forward
1 - 66% - 60% - 3:55
2 - 34% - 40% - 2:02
PK Defense
1 - 59% - 60% - 3:32
2 - 41% - 40% - 2:25
PK3 Forward
1 - 0% - 60%
2 - 0% - 40%
PK3 Defense
1 - 0% - 60%
2 - 0% - 40%
44 Forward
1 - 0% - 60%
2 - 0% - 40%
44 Defense
1 - 0% - 60%
2 - 0% - 40%
Last Minute Offensive  - 0:00
Last Minute Defensive  - 0:00
Total
Forward - 60:00
Defense - 60:00

% Time on Ice - Capitals

Lines # - Real PCT - Wanted PCT - Time Play
Normal Forward
1 - 36% - 40% - 16:39
2 - 28% - 30% - 12:37
3 - 27% - 25% - 12:21
4 - 9% - 5% - 4:12
Normal Defense
1 - 39% - 40% - 17:57
2 - 33% - 30% - 15:03
3 - 21% - 20% - 9:34
4 - 7% - 10% - 3:15
PP Forward
1 - 52% - 60% - 3:07
2 - 48% - 40% - 2:50
PP Defense
1 - 53% - 60% - 3:08
2 - 47% - 40% - 2:49
PK Forward
1 - 90% - 60% - 7:25
2 - 10% - 40% - 0:49
PK Defense
1 - 68% - 60% - 5:35
2 - 32% - 40% - 2:39
PK3 Forward
1 - 0% - 60%
2 - 0% - 40%
PK3 Defense
1 - 0% - 60%
2 - 0% - 40%
44 Forward
1 - 0% - 60%
2 - 0% - 40%
44 Defense
1 - 0% - 60%
2 - 0% - 40%
Last Minute Offensive  - 0:00
Last Minute Defensive  - 0:00
Total
Forward - 60:00
Defense - 60:00

Play by Play

1st period


0:01 of 1st period - Vincent Lecavalier wins face-off versus Nicklas Backstrom in neutral zone.
0:10 of 1st period - Snap shot by Guillaume Latendresse.
0:10 of 1st period - Shot Blocked by Ryan Suter.
0:29 of 1st period - Icing by Jay Bouwmeester.
0:30 of 1st period - Ryan Getzlaf wins face-off versus Stephen Weiss in Devils zone.
0:40 of 1st period - Minor Penalty to Michael Frolik for Hooking.
0:41 of 1st period - Nicklas Backstrom wins face-off versus Jason Arnott in Devils zone.
1:07 of 1st period - Phil Kessel is hit by Jay Bouwmeester and loses puck.
2:40 of 1st period - Penalty to Michael Frolik is over, Michael Frolik is back on ice.
3:40 of 1st period - Anton Volchenkov is hit by Jay Bouwmeester and loses puck.
5:10 of 1st period - Jason Arnott is hit by Adam Hall and loses puck.
5:56 of 1st period - Zdeno Chara is hit by Michael Frolik and loses puck.
6:03 of 1st period - Slapshot by Jay Bouwmeester.
6:03 of 1st period - Shot Blocked by Ryan Suter.
6:19 of 1st period - Anton Volchenkov is hit by Jason Arnott and loses puck.
6:26 of 1st period - Wrist shot by Patrick Eaves.
6:26 of 1st period - Stopped by Jaroslav Halak without a rebound.
6:27 of 1st period - Paul Stastny wins face-off versus Maxim Afinogenov in Capitals zone.
6:36 of 1st period - Snap shot by Chris Kunitz.
6:36 of 1st period - Stopped by Viktor Fasth without a rebound.
6:37 of 1st period - Paul Stastny wins face-off versus Maxim Afinogenov in Devils zone.
6:50 of 1st period - Snap shot by Paul Stastny.
6:50 of 1st period - Deflect By Guillaume Latendresse.
6:50 of 1st period - Stopped by Viktor Fasth without a rebound.
6:51 of 1st period - Vincent Lecavalier wins face-off versus Nicklas Backstrom in Devils zone.
6:56 of 1st period - Wrist shot by Vincent Lecavalier.
6:56 of 1st period - Deflect By Guillaume Latendresse.
6:56 of 1st period - Shot Misses the Net.
6:56 of 1st period - Puck is out of play.
6:57 of 1st period - Nicklas Backstrom wins face-off versus Vincent Lecavalier in Capitals zone.
6:57 of 1st period - Nicklas Backstrom is hit by Vincent Lecavalier.
7:29 of 1st period - Off-side.
7:30 of 1st period - Stephen Weiss wins face-off versus Ryan Getzlaf in neutral zone.
7:39 of 1st period - Snap shot by Michael Frolik.
7:39 of 1st period - Shot Misses the Net.
8:11 of 1st period - Vincent Lecavalier is hit by Thomas Vanek and loses puck.
8:22 of 1st period - Nicklas Backstrom is hit by Guillaume Latendresse and loses puck.
8:46 of 1st period - Icing by Jay Bouwmeester.
8:47 of 1st period - Vincent Lecavalier wins face-off versus Ryan Getzlaf in Devils zone.
8:47 of 1st period - Vincent Lecavalier is hit by Loui Eriksson.
9:05 of 1st period - Wrist shot by Guillaume Latendresse.
9:05 of 1st period - Stopped by Jaroslav Halak without a rebound.
9:06 of 1st period - Paul Stastny wins face-off versus Stephen Weiss in Capitals zone.
9:06 of 1st period - Paul Stastny is hit by Stephen Weiss.
9:17 of 1st period - Minor Penalty to Matt Smaby for Slashing.
9:18 of 1st period - Nicklas Backstrom wins face-off versus Jason Arnott in Devils zone.
9:26 of 1st period - Snap shot by Jarome Iginla.
9:26 of 1st period - Shot Misses the Net.
9:28 of 1st period - Slapshot by Chris Phillips.
9:28 of 1st period - Stopped by Viktor Fasth with a rebound.
9:30 of 1st period - Wrist shot by Jarome Iginla.
9:30 of 1st period - Shot Blocked by Guillaume Latendresse.
9:34 of 1st period - Slapshot by Nicklas Backstrom.
9:34 of 1st period - Shot Misses the Net.
9:44 of 1st period - Ryan Getzlaf is hit by Mike Lundin and loses puck.
11:17 of 1st period - Penalty to Matt Smaby is over, Matt Smaby is back on ice.
11:23 of 1st period - Wrist shot by Paul Stastny.
11:23 of 1st period - Shot Misses the Net.
11:38 of 1st period - Minor Penalty to Ales Hemsky for Hooking.
11:39 of 1st period - Stephen Weiss wins face-off versus Jarome Iginla in Capitals zone.
11:39 of 1st period - Snap shot by Maxim Afinogenov.
11:39 of 1st period - Shot Misses the Net.
11:41 of 1st period - Snap shot by Maxim Afinogenov.
11:41 of 1st period - Stopped by Jaroslav Halak without a rebound.
11:42 of 1st period - Ryan Getzlaf wins face-off versus Stephen Weiss in Capitals zone.
11:54 of 1st period - Snap shot by Zach Parise.
11:54 of 1st period - Shot Misses the Net.
11:56 of 1st period - Wrist shot by Maxim Afinogenov.
11:56 of 1st period - Goal by Maxim Afinogenov - Devils : 1 - Capitals : 0.
11:57 of 1st period - Jarome Iginla wins face-off versus Vincent Lecavalier in neutral zone.
12:00 of 1st period - Wrist shot by Guillaume Latendresse.
12:00 of 1st period - Shot Blocked by Zdeno Chara.
12:25 of 1st period - Snap shot by Thomas Vanek.
12:25 of 1st period - Stopped by Viktor Fasth without a rebound.
12:26 of 1st period - Ryan Getzlaf wins face-off versus Mike Ribeiro in Devils zone.
12:27 of 1st period - Slapshot by Loui Eriksson.
12:27 of 1st period - Shot Blocked by Brad Ference.
12:29 of 1st period - Slapshot by Anton Volchenkov.
12:29 of 1st period - Stopped by Viktor Fasth without a rebound.
12:30 of 1st period - Ryan Getzlaf wins face-off versus Stephen Weiss in Devils zone.
12:37 of 1st period - Snap shot by Michael Frolik.
12:37 of 1st period - Shot Misses the Net.
13:38 of 1st period - Snap shot by Paul Stastny.
13:38 of 1st period - Shot Blocked by Ben Lovejoy.
13:40 of 1st period - Wrist shot by Ales Hemsky.
13:40 of 1st period - Shot Blocked by Matt Smaby.
14:17 of 1st period - Snap shot by Maxim Afinogenov.
14:17 of 1st period - Stopped by Jaroslav Halak with a rebound.
14:37 of 1st period - Snap shot by Radim Vrbata.
14:37 of 1st period - Stopped by Jaroslav Halak without a rebound.
14:38 of 1st period - Vincent Lecavalier wins face-off versus Paul Stastny in Capitals zone.
14:51 of 1st period - Snap shot by Vincent Lecavalier.
14:51 of 1st period - Shot Misses the Net.
14:53 of 1st period - Slapshot by Jay Bouwmeester.
14:53 of 1st period - Stopped by Jaroslav Halak with a rebound.
14:59 of 1st period - Minor Penalty to Ales Hemsky for Holding.
15:00 of 1st period - Ryan Getzlaf wins face-off versus Stephen Weiss in Capitals zone.
15:08 of 1st period - Off-side.
15:09 of 1st period - Stephen Weiss wins face-off versus Jarome Iginla in neutral zone.
15:14 of 1st period - Snap shot by Stephen Weiss.
15:14 of 1st period - Deflect By Maxim Afinogenov.
15:14 of 1st period - Shot Blocked by Zdeno Chara.
15:14 of 1st period - Puck is out of play.
15:15 of 1st period - Ryan Getzlaf wins face-off versus Stephen Weiss in Capitals zone.
16:16 of 1st period - Jay Bouwmeester is hit by Chris Kunitz and loses puck.
16:59 of 1st period - Penalty to Ales Hemsky is over, Ales Hemsky is back on ice.
17:09 of 1st period - Jay Bouwmeester is hit by Adam Hall and loses puck.
17:28 of 1st period - Backhand shot by Mike Lundin.
17:28 of 1st period - Stopped by Jaroslav Halak without a rebound.
17:29 of 1st period - Jason Arnott wins face-off versus Paul Stastny in Capitals zone.
17:59 of 1st period - Ryan Getzlaf is hit by Patrick Eaves and loses puck.
18:24 of 1st period - Slapshot by Ben Lovejoy.
18:24 of 1st period - Stopped by Jaroslav Halak with a rebound.
18:34 of 1st period - Snap shot by Ben Lovejoy.
18:34 of 1st period - Shot Misses the Net.
18:54 of 1st period - Guillaume Latendresse is hit by Paul Stastny and loses puck.
19:10 of 1st period - Icing by Brad Ference.
19:11 of 1st period - Ryan Getzlaf wins face-off versus Stephen Weiss in Devils zone.
19:45 of 1st period - Ales Hemsky is hit by Guillaume Latendresse.
19:57 of 1st period - Snap shot by Radim Vrbata.
19:57 of 1st period - Shot Blocked by Andy Rogers.
19:59 of 1st period - Wrist shot by Mike Komisarek.
19:59 of 1st period - Stopped by Jaroslav Halak without a rebound.
Goals for this period are 1 for Devils vs 0 for Capitals.
Shots for this period are 10 for Devils vs 5 for Capitals.

2nd period


0:01 of 2nd period - Vincent Lecavalier wins face-off versus Nicklas Backstrom in neutral zone.
0:12 of 2nd period - Wrist shot by Jarome Iginla.
0:12 of 2nd period - Shot Misses the Net.
0:14 of 2nd period - Wrist shot by Thomas Vanek.
0:14 of 2nd period - Goal by Thomas Vanek - Devils : 1 - Capitals : 1.
0:15 of 2nd period - Nicklas Backstrom wins face-off versus Vincent Lecavalier in neutral zone.
0:24 of 2nd period - Snap shot by Thomas Vanek.
0:24 of 2nd period - Stopped by Viktor Fasth without a rebound.
0:25 of 2nd period - Vincent Lecavalier wins face-off versus Nicklas Backstrom in Devils zone.
1:24 of 2nd period - Snap shot by Mike Komisarek.
1:24 of 2nd period - Stopped by Jaroslav Halak without a rebound.
1:25 of 2nd period - Stephen Weiss wins face-off versus Ryan Getzlaf in Capitals zone.
1:51 of 2nd period - Paul Stastny is hit by Brad Ference and loses puck.
2:02 of 2nd period - Snap shot by Ladislav Nagy.
2:02 of 2nd period - Stopped by Jaroslav Halak with a rebound.
2:04 of 2nd period - Snap shot by Mike Ribeiro.
2:04 of 2nd period - Stopped by Jaroslav Halak without a rebound.
2:05 of 2nd period - Ryan Getzlaf wins face-off versus Zach Parise in Capitals zone.
2:32 of 2nd period - Snap shot by Paul Stastny.
2:32 of 2nd period - Stopped by Viktor Fasth without a rebound.
2:33 of 2nd period - Jason Arnott wins face-off versus Chris Kunitz in Devils zone.
2:42 of 2nd period - Snap shot by Paul Stastny.
2:42 of 2nd period - Stopped by Viktor Fasth with a rebound.
2:44 of 2nd period - Slapshot by Bryce Salvador.
2:44 of 2nd period - Deflect By Ales Hemsky.
2:44 of 2nd period - Goal by Ales Hemsky - Devils : 1 - Capitals : 2.
2:45 of 2nd period - Nicklas Backstrom wins face-off versus Stephen Weiss in neutral zone.
3:19 of 2nd period - Slapshot by Loui Eriksson.
3:19 of 2nd period - Goal by Loui Eriksson - Devils : 1 - Capitals : 3.
3:20 of 2nd period - Nicklas Backstrom wins face-off versus Stephen Weiss in neutral zone.
3:33 of 2nd period - Slapshot by Nicklas Backstrom.
3:33 of 2nd period - Stopped by Viktor Fasth with a rebound.
3:35 of 2nd period - Wrist shot by Thomas Vanek.
3:35 of 2nd period - Shot Misses the Net.
4:43 of 2nd period - Slapshot by Brad Ference.
4:43 of 2nd period - Deflect By Loui Eriksson.
4:43 of 2nd period - Stopped by Jaroslav Halak with a rebound.
5:02 of 2nd period - Icing by Brent Seabrook.
5:03 of 2nd period - Nicklas Backstrom wins face-off versus Vincent Lecavalier in Capitals zone.
5:03 of 2nd period - Nicklas Backstrom is hit by Guillaume Latendresse.
5:17 of 2nd period - Slapshot by Brent Seabrook.
5:17 of 2nd period - Shot Blocked by Jay Bouwmeester.
5:44 of 2nd period - Backhand shot by Guillaume Latendresse.
5:44 of 2nd period - Shot Blocked by Phil Kessel.
5:46 of 2nd period - Slapshot by Guillaume Latendresse.
5:46 of 2nd period - Deflect By Vincent Lecavalier.
5:46 of 2nd period - Shot Misses the Net.
5:46 of 2nd period - Puck is out of play.
5:47 of 2nd period - Stephen Weiss wins face-off versus Nicklas Backstrom in Capitals zone.
5:52 of 2nd period - Backhand shot by Zach Parise.
5:52 of 2nd period - Stopped by Jaroslav Halak with a rebound.
5:54 of 2nd period - Snap shot by Michael Frolik.
5:54 of 2nd period - Stopped by Jaroslav Halak without a rebound.
5:55 of 2nd period - Thomas Vanek wins face-off versus Michael Frolik in Capitals zone.
6:02 of 2nd period - Ben Lovejoy is hit by Brent Seabrook and loses puck.
6:29 of 2nd period - Snap shot by Stephen Weiss.
6:29 of 2nd period - Shot Blocked by Brent Seabrook.
6:31 of 2nd period - Slapshot by Ben Lovejoy.
6:31 of 2nd period - Stopped by Jaroslav Halak without a rebound.
6:32 of 2nd period - Guillaume Latendresse wins face-off versus Ryan Getzlaf in Capitals zone.
6:50 of 2nd period - Minor Penalty to Maxim Afinogenov for Hooking.
6:51 of 2nd period - Jason Arnott wins face-off versus Nicklas Backstrom in Devils zone.
7:03 of 2nd period - Snap shot by Nicklas Backstrom.
7:03 of 2nd period - Stopped by Viktor Fasth with a rebound.
7:07 of 2nd period - Wrist shot by Nicklas Backstrom.
7:07 of 2nd period - Stopped by Viktor Fasth with a rebound.
7:47 of 2nd period - Nicklas Backstrom is hit by Mike Komisarek and loses puck.
8:50 of 2nd period - Penalty to Maxim Afinogenov is over, Maxim Afinogenov is back on ice.
8:51 of 2nd period - Ryan Getzlaf is hit by Zach Parise and loses puck.
8:58 of 2nd period - Snap shot by Vincent Lecavalier.
8:58 of 2nd period - Deflect By Phil Kessel.
8:58 of 2nd period - Shot Misses the Net.
8:58 of 2nd period - Puck is out of play.
8:59 of 2nd period - Chris Kunitz wins face-off versus Mike Ribeiro in Capitals zone.
9:41 of 2nd period - Maxim Afinogenov is hit by Andy Rogers and loses puck.
10:32 of 2nd period - Radim Vrbata is hit by Jarome Iginla and loses puck.
10:41 of 2nd period - Jarome Iginla is hit by Ladislav Nagy and loses puck.
10:46 of 2nd period - Slapshot by Ladislav Nagy.
10:46 of 2nd period - Goal by Ladislav Nagy - Devils : 2 - Capitals : 3.
10:47 of 2nd period - Vincent Lecavalier wins face-off versus Nicklas Backstrom in neutral zone.
11:00 of 2nd period - Wrist shot by Guillaume Latendresse.
11:00 of 2nd period - Shot Misses the Net.
11:02 of 2nd period - Slapshot by Mike Komisarek.
11:02 of 2nd period - Stopped by Jaroslav Halak without a rebound.
11:03 of 2nd period - Loui Eriksson wins face-off versus Stephen Weiss in Capitals zone.
11:31 of 2nd period - Snap shot by Vincent Lecavalier.
11:31 of 2nd period - Stopped by Jaroslav Halak with a rebound.
11:33 of 2nd period - Slapshot by Maxim Afinogenov.
11:33 of 2nd period - Stopped by Jaroslav Halak with a rebound.
11:35 of 2nd period - Snap shot by Maxim Afinogenov.
11:35 of 2nd period - Stopped by Jaroslav Halak with a rebound.
11:37 of 2nd period - Wrist shot by Maxim Afinogenov.
11:37 of 2nd period - Shot Misses the Net.
12:25 of 2nd period - Snap shot by Nicklas Backstrom.
12:25 of 2nd period - Shot Blocked by Zach Parise.
13:08 of 2nd period - Ladislav Nagy is hit by Chris Phillips and loses puck.
13:19 of 2nd period - Mike Lundin is hit by Ryan Getzlaf and loses puck.
13:54 of 2nd period - Wrist shot by Guillaume Latendresse.
13:54 of 2nd period - Stopped by Jaroslav Halak without a rebound.
13:55 of 2nd period - Vincent Lecavalier wins face-off versus Paul Stastny in Capitals zone.
14:47 of 2nd period - Maxim Afinogenov is hit by Chris Kunitz and loses puck.
15:23 of 2nd period - Minor Penalty to Chris Kunitz for Interference.
15:24 of 2nd period - Stephen Weiss wins face-off versus Jarome Iginla in Capitals zone.
15:31 of 2nd period - Snap shot by Stephen Weiss.
15:31 of 2nd period - Shot Blocked by Ryan Getzlaf.
15:33 of 2nd period - Snap shot by Jay Bouwmeester.
15:33 of 2nd period - Shot Blocked by Jarome Iginla.
15:35 of 2nd period - Snap shot by Zach Parise.
15:35 of 2nd period - Stopped by Jaroslav Halak with a rebound.
15:37 of 2nd period - Snap shot by Jay Bouwmeester.
15:37 of 2nd period - Shot Blocked by Ryan Getzlaf.
16:17 of 2nd period - Wrist shot by Michael Frolik.
16:17 of 2nd period - Shot Blocked by Brent Seabrook.
16:19 of 2nd period - Slapshot by Matt Smaby.
16:19 of 2nd period - Shot Misses the Net.
17:23 of 2nd period - Penalty to Chris Kunitz is over, Chris Kunitz is back on ice.
17:58 of 2nd period - Brad Ference is hit by Chris Phillips and loses puck.
18:07 of 2nd period - Snap shot by Jarome Iginla.
18:07 of 2nd period - Shot Misses the Net.
18:09 of 2nd period - Wrist shot by Chris Kunitz.
18:09 of 2nd period - Stopped by Viktor Fasth with a rebound.
18:11 of 2nd period - Backhand shot by Jarome Iginla.
18:11 of 2nd period - Deflect By Chris Kunitz.
18:11 of 2nd period - Shot Hit the Post.
18:11 of 2nd period - Puck is out of play.
18:12 of 2nd period - Vincent Lecavalier wins face-off versus Nicklas Backstrom in Devils zone.
18:33 of 2nd period - Snap shot by Paul Stastny.
18:33 of 2nd period - Stopped by Viktor Fasth with a rebound.
18:35 of 2nd period - Wrist shot by Chris Phillips.
18:35 of 2nd period - Deflect By Paul Stastny.
18:35 of 2nd period - Stopped by Viktor Fasth without a rebound.
18:36 of 2nd period - Paul Stastny wins face-off versus Michael Frolik in Devils zone.
18:43 of 2nd period - Slapshot by Paul Stastny.
18:43 of 2nd period - Shot Misses the Net.
18:50 of 2nd period - Icing by Paul Stastny.
18:51 of 2nd period - Vincent Lecavalier wins face-off versus Paul Stastny in Capitals zone.
18:54 of 2nd period - Snap shot by Vincent Lecavalier.
18:54 of 2nd period - Shot Misses the Net.
18:56 of 2nd period - Slapshot by Mike Lundin.
18:56 of 2nd period - Shot Blocked by Phil Kessel.
18:58 of 2nd period - Wrist shot by Guillaume Latendresse.
18:58 of 2nd period - Shot Misses the Net.
19:00 of 2nd period - Wrist shot by Guillaume Latendresse.
19:00 of 2nd period - Shot Misses the Net.
19:04 of 2nd period - Slapshot by Guillaume Latendresse.
19:04 of 2nd period - Stopped by Jaroslav Halak with a rebound.
19:20 of 2nd period - Snap shot by Adam Hall.
19:20 of 2nd period - Stopped by Viktor Fasth with a rebound.
19:22 of 2nd period - Slapshot by Andy Rogers.
19:22 of 2nd period - Stopped by Viktor Fasth without a rebound.
19:23 of 2nd period - Stephen Weiss wins face-off versus Nicklas Backstrom in Devils zone.
19:32 of 2nd period - Wrist shot by Stephen Weiss.
19:32 of 2nd period - Stopped by Jaroslav Halak without a rebound.
19:33 of 2nd period - Nicklas Backstrom wins face-off versus Stephen Weiss in Capitals zone.
Goals for this period are 1 for Devils vs 3 for Capitals.
Shots for this period are 16 for Devils vs 14 for Capitals.

3rd period


0:01 of 3rd period - Nicklas Backstrom wins face-off versus Vincent Lecavalier in neutral zone.
0:20 of 3rd period - Ryan Suter is hit by Guillaume Latendresse and loses puck.
1:27 of 3rd period - Slapshot by Patrick Eaves.
1:27 of 3rd period - Stopped by Jaroslav Halak without a rebound.
1:28 of 3rd period - Nicklas Backstrom wins face-off versus Vincent Lecavalier in Capitals zone.
1:28 of 3rd period - Nicklas Backstrom is hit by Vincent Lecavalier.
3:28 of 3rd period - Off-side.
3:29 of 3rd period - Nicklas Backstrom wins face-off versus Maxim Afinogenov in neutral zone.
3:31 of 3rd period - Off-side.
3:32 of 3rd period - Vincent Lecavalier wins face-off versus Nicklas Backstrom in neutral zone.
3:39 of 3rd period - Snap shot by Nicklas Backstrom.
3:39 of 3rd period - Stopped by Viktor Fasth with a rebound.
3:41 of 3rd period - Wrist shot by Jarome Iginla.
3:41 of 3rd period - Goal by Jarome Iginla - Devils : 2 - Capitals : 4.
3:42 of 3rd period - Nicklas Backstrom wins face-off versus Vincent Lecavalier in neutral zone.
3:55 of 3rd period - Snap shot by Nicklas Backstrom.
3:55 of 3rd period - Stopped by Viktor Fasth with a rebound.
3:57 of 3rd period - Slapshot by Thomas Vanek.
3:57 of 3rd period - Goal by Thomas Vanek - Devils : 2 - Capitals : 5.
3:57 of 3rd period - Dan Ellis enters game.
3:58 of 3rd period - Vincent Lecavalier wins face-off versus Jarome Iginla in neutral zone.
4:23 of 3rd period - Mike Komisarek is hit by Zdeno Chara and loses puck.
5:09 of 3rd period - Snap shot by Greg Stewart.
5:09 of 3rd period - Shot Blocked by Anton Volchenkov.
5:15 of 3rd period - Slapshot by Brent Seabrook.
5:15 of 3rd period - Stopped by Dan Ellis without a rebound.
5:16 of 3rd period - Nicklas Backstrom wins face-off versus Maxim Afinogenov in Devils zone.
6:06 of 3rd period - Icing by Brad Ference.
6:07 of 3rd period - Ryan Getzlaf wins face-off versus Mike Ribeiro in Devils zone.
6:10 of 3rd period - Slapshot by Ryan Getzlaf.
6:10 of 3rd period - Stopped by Dan Ellis with a rebound.
6:12 of 3rd period - Slapshot by Loui Eriksson.
6:12 of 3rd period - Shot Misses the Net.
6:14 of 3rd period - Wrist shot by Loui Eriksson.
6:14 of 3rd period - Stopped by Dan Ellis without a rebound.
6:15 of 3rd period - Vincent Lecavalier wins face-off versus Ryan Getzlaf in Devils zone.
7:08 of 3rd period - Snap shot by Brent Seabrook.
7:08 of 3rd period - Shot Blocked by Mike Komisarek.
7:10 of 3rd period - Snap shot by Thomas Vanek.
7:10 of 3rd period - Shot Blocked by Vincent Lecavalier.
7:12 of 3rd period - Slapshot by Brent Seabrook.
7:12 of 3rd period - Stopped by Dan Ellis with a rebound.
7:14 of 3rd period - Wrist shot by Jarome Iginla.
7:14 of 3rd period - Shot Misses the Net.
7:26 of 3rd period - Slapshot by Jay Bouwmeester.
7:26 of 3rd period - Deflect By Stephen Weiss.
7:26 of 3rd period - Shot Blocked by Ryan Suter.
7:26 of 3rd period - Puck is out of play.
7:27 of 3rd period - Stephen Weiss wins face-off versus Ryan Getzlaf in Capitals zone.
7:37 of 3rd period - Off-side.
7:38 of 3rd period - Stephen Weiss wins face-off versus Nicklas Backstrom in neutral zone.
7:48 of 3rd period - Snap shot by Thomas Vanek.
7:48 of 3rd period - Deflect By Nicklas Backstrom.
7:48 of 3rd period - Shot Misses the Net.
7:48 of 3rd period - Puck is out of play.
7:49 of 3rd period - Nicklas Backstrom wins face-off versus Stephen Weiss in Devils zone.
7:52 of 3rd period - Wrist shot by Nicklas Backstrom.
7:52 of 3rd period - Stopped by Dan Ellis with a rebound.
7:54 of 3rd period - Slapshot by Zdeno Chara.
7:54 of 3rd period - Stopped by Dan Ellis without a rebound.
7:55 of 3rd period - Stephen Weiss wins face-off versus Nicklas Backstrom in Devils zone.
9:18 of 3rd period - Wrist shot by Nicklas Backstrom.
9:18 of 3rd period - Deflect By Thomas Vanek.
9:18 of 3rd period - Stopped by Dan Ellis with a rebound.
9:36 of 3rd period - Michael Frolik is hit by Ryan Getzlaf and loses puck.
10:00 of 3rd period - Wrist shot by Paul Stastny.
10:00 of 3rd period - Stopped by Dan Ellis with a rebound.
10:26 of 3rd period - Minor Penalty to Jarome Iginla for Roughing.
10:27 of 3rd period - Ryan Getzlaf wins face-off versus Stephen Weiss in Capitals zone.
10:32 of 3rd period - Slapshot by Chris Phillips.
10:32 of 3rd period - Deflect By Maxim Afinogenov.
10:32 of 3rd period - Stopped by Dan Ellis with a rebound.
11:28 of 3rd period - Brent Seabrook is hit by Stephen Weiss and loses puck.
12:26 of 3rd period - Penalty to Jarome Iginla is over, Jarome Iginla is back on ice.
12:33 of 3rd period - Snap shot by Mike Ribeiro.
12:33 of 3rd period - Deflect By Ladislav Nagy.
12:33 of 3rd period - Stopped by Jaroslav Halak with a rebound.
12:35 of 3rd period - Slapshot by Ladislav Nagy.
12:35 of 3rd period - Shot Misses the Net.
12:37 of 3rd period - Snap shot by Jay Bouwmeester.
12:37 of 3rd period - Stopped by Jaroslav Halak with a rebound.
13:01 of 3rd period - Icing by Thomas Vanek.
13:02 of 3rd period - Nicklas Backstrom wins face-off versus Jason Arnott in Capitals zone.
13:11 of 3rd period - Wrist shot by Patrick Eaves.
13:11 of 3rd period - Stopped by Jaroslav Halak with a rebound.
13:17 of 3rd period - Wrist shot by Greg Stewart.
13:17 of 3rd period - Shot Misses the Net.
13:25 of 3rd period - Wrist shot by Nicklas Backstrom.
13:25 of 3rd period - Stopped by Dan Ellis without a rebound.
13:26 of 3rd period - Ryan Getzlaf wins face-off versus Vincent Lecavalier in Devils zone.
13:49 of 3rd period - Icing by Guillaume Latendresse.
13:50 of 3rd period - Paul Stastny wins face-off versus Vincent Lecavalier in Devils zone.
14:01 of 3rd period - Maxim Afinogenov is hit by Paul Stastny and loses puck.
14:26 of 3rd period - Wrist shot by Vincent Lecavalier.
14:26 of 3rd period - Deflect By Guillaume Latendresse.
14:26 of 3rd period - Shot Misses the Net.
14:26 of 3rd period - Puck is out of play.
14:27 of 3rd period - Stephen Weiss wins face-off versus Nicklas Backstrom in Capitals zone.
14:28 of 3rd period - Wrist shot by Zach Parise.
14:28 of 3rd period - Shot Misses the Net.
14:40 of 3rd period - Snap shot by Michael Frolik.
14:40 of 3rd period - Goal by Michael Frolik - Devils : 3 - Capitals : 5.
14:41 of 3rd period - Nicklas Backstrom wins face-off versus Vincent Lecavalier in neutral zone.
14:43 of 3rd period - Minor Penalty to Thomas Vanek for Hooking.
14:44 of 3rd period - Stephen Weiss wins face-off versus Ryan Getzlaf in Capitals zone.
14:54 of 3rd period - Wrist shot by Stephen Weiss.
14:54 of 3rd period - Shot Misses the Net.
14:56 of 3rd period - Slapshot by Matt Smaby.
14:56 of 3rd period - Stopped by Jaroslav Halak with a rebound.
14:58 of 3rd period - Backhand shot by Maxim Afinogenov.
14:58 of 3rd period - Shot Misses the Net.
15:00 of 3rd period - Slapshot by Zach Parise.
15:00 of 3rd period - Stopped by Jaroslav Halak without a rebound.
15:01 of 3rd period - Ryan Getzlaf wins face-off versus Stephen Weiss in Capitals zone.
15:06 of 3rd period - Snap shot by Jarome Iginla.
15:06 of 3rd period - Stopped by Dan Ellis with a rebound.
16:43 of 3rd period - Penalty to Thomas Vanek is over, Thomas Vanek is back on ice.
16:58 of 3rd period - Greg Stewart is hit by Ales Hemsky and loses puck.
17:45 of 3rd period - Brent Seabrook is hit by Stephen Weiss and loses puck.
18:15 of 3rd period - Adam Hall is hit by Mike Lundin and loses puck.
19:32 of 3rd period - Icing by Chris Kunitz.
19:33 of 3rd period - Paul Stastny wins face-off versus Greg Stewart in Capitals zone.
Goals for this period are 1 for Devils vs 2 for Capitals.
Shots for this period are 7 for Devils vs 15 for Capitals.


Output by the SimonT Hockey Simulator (STHS) for François Prévost -- Original Page W3C XHTML 1.0 Valid
Hockey Simulator - Hockey Simulation - Hockey Manager